 Dungeon Crawl Stone Soup version 0.22-b1-59-g0aedee7 (webtiles) character file.

14800 Gergoth the Basher (level 12, -16/77 HPs)
             Began as a Gargoyle Fighter on Aug 9, 2018.
             Killed from afar by an ice dragon (29 damage)
             ... with a blast of cold
             ... in an ice cave.
             The game lasted 00:26:33 (10209 turns).

Gergoth the Basher (Gargoyle Fighter)              Turns: 10209, Time: 00:26:34

Health: -16/77     AC: 23    Str: 20    XL:     12   Next: 20%
Magic:  12/12      EV: 15    Int: 19    God:
Gold:   652        SH: 12    Dex: 17    Spells: 7/11 levels left

rFire    . . .     SeeInvis .   a - +0 flail
rCold    . . .     Gourm    .   c - +0 shield
rNeg     + + +     Faith    .   I - +1 leather armour of the Black Moon {-Cast rN+ MR+ Dex+3}
rPois    ∞         Spirit   .   D - +0 helmet
rElec    +         Reflect  .   y - +2 cloak
rCorr    +         Harm     .   s - +1 pair of gloves "Pappocs" {rN+}
MR       +....     NoCast   +   l - +2 pair of boots
Stlth    ++........             (no amulet)
HPRegen  0.22/turn              B - ring of resist corrosion
MPRegen  0.13/turn              (no ring)

@: brilliant, agile
A: negative energy resistance 1, electricity resistance, unbreathing,
petrification resistance, rot immunity, AC +8
a: no special abilities


You were in an ice cave.
You were not hungry.

You visited 3 branches of the dungeon, and saw 13 of its levels.
You also visited: Ice Cave.

You collected 652 gold pieces.

Inventory:

Hand Weapons
 a - a +0 flail (weapon)
 H - a +0 morningstar
Armour
 c - a +0 shield (worn)
 i - a +1 hat
 l - a +2 pair of boots (worn)
 s - the +1 pair of gloves "Pappocs" (worn) {rN+}
   (You found it on level 9 of the Dungeon)

   It protects you from negative energy.
 y - a +2 cloak (worn)
 D - a +0 helmet (worn)
 I - the +1 leather armour of the Black Moon (worn) {-Cast rN+ MR+ Dex+3}
   (You took it off a wight on level 8 of the Dungeon)

   It affects your dexterity (+3).
   It protects you from negative energy.
   It affects your resistance to hostile enchantments.
   It prevents spellcasting.
Jewellery
 g - an uncursed ring of flight {unknown}
 h - a cursed -5 ring of dexterity {unknown}
 B - a ring of resist corrosion (left hand)
Wands
 b - a wand of random effects (33)
 k - a wand of paralysis (4)
Scrolls
 v - 2 scrolls of teleportation
 w - 2 scrolls of fear
 x - 2 scrolls of noise {unknown}
 C - 4 scrolls of amnesia {unknown}
 E - 4 scrolls of remove curse
 J - a scroll of acquirement {unknown}
 K - a scroll of summoning {unknown}
Potions
 d - 4 potions of might
 j - a potion of haste {unknown}
 m - a potion of agility
 o - a potion of berserk rage {unknown}
 r - a potion of brilliance
 t - 3 potions of curing
 u - 3 potions of mutation
 z - a potion of invisibility {unknown}
 A - 2 potions of heal wounds {unknown}
 F - a potion of lignification {unknown}
Miscellaneous
 e - a lightning rod (inert)
Comestibles
 f - 11 rations


   Skills:
 - Level 10.1 Fighting
 - Level 14.0 Maces & Flails
 + Level 6.7 Armour
 + Level 9.8 Shields


You had 7 spell levels left.
You knew the following spells:

 Your Spells              Type           Power        Failure   Level  Hunger
a - Fulminant Prism       Conj/Hex       ##........   38%         4    #####..

Your spell library contained the following spells:

 Spells                   Type           Power        Failure   Level  Hunger
 Magic Dart               Conj           ##..         5%          1    ##.....
 Iskenderun's Mystic Bla  Conj           ##......     38%         4    #####..
 Spider Form              Tmut/Pois      ##........   14%         3    ####...
 Blade Hands              Tmut           ##........   69%         5    ######.
 Ice Form                 Ice/Tmut       ##......     38%         4    #####..
 Sticks to Snakes         Tmut           ##......     8%          2    ###....
 Beastly Appendage        Tmut           ##....       5%          1    ##.....
 Dazzling Spray           Conj/Hex       ##....       14%         3    ####...
 Force Lance              Conj/Tloc      ##......     38%         4    #####..
 Searing Ray              Conj           ##....       8%          2    ###....


Dungeon Overview and Level Annotations

Branches:
Dungeon (11/15)            Temple (1/1) D:6            Lair (1/6) D:10
    Orc: D:9-12

Altars:
Ashenzari
Cheibriados
Dithmenos
Elyvilon
Fedhas
Gozag
Hepliaklqana
Kikubaaqudgha
Makhleb
Nemelex Xobeh
Okawaru
Qazlal
Ru
Sif Muna
Trog
Uskayaw
Vehumet
Xom
Yredelemnul
Zin
The Shining One

Annotations:
D:6 2 runed doors, Lilu's ghost, novice OpAs
Lair:1 Harold


Innate Abilities, Weirdness & Mutations

You are resistant to torment.
Your stone body is resilient. (AC +8)
You are immune to poison.
You resist negative energy. (rN+)
You are resistant to electric shocks. (rElec)
You can survive without breathing.
You are immune to petrification.
You are immune to rotting.


Message History

Found an ivory ring, 59 gold pieces and a bronze ring.
As you read the scroll of teleportation, it crumbles to dust.
You feel strangely unstable.
Your surroundings suddenly seem different.
Found five items.
You now have 636 gold pieces (gained 17).
You now have 652 gold pieces (gained 16).
g - a bronze ring You see here a knobbly agate ring.
h - a knobbly agate ring The ice dragon roars deafeningly!
Found 39 gold pieces.
Okay, then.
It was a potion of agility.
You feel agile all of a sudden.
It was a potion of brilliance.
You feel clever all of a sudden. The ice dragon breathes frost at you.
The blast of cold hits you!
You die...

.## ### .$$##≈#
..#≈≈≈
#####.#≈≈###
#≈≈≈≈≈≈≈≈≈≈
≈≈≈≈≈≈≈≈≈
≈≈≈≈≈≈≈≈# ###
#########≈#@# #.##
#$$$$$..##..#
...#$$$$$$..=...##
##.##$$$$....===$#
#..###$$......$=##
..##.###.D.D..###
....D.#.....###
###......####
########


You could see 2 ice dragons.

Vanquished Creatures
  3 two-headed ogres
  2 ice statues (IceCv)
  A black mamba (Lair:1)
  2 spiny frogs (Lair:1)
  2 rime drakes (IceCv)
  A troll (D:9)
  2 hippogriffs
  Grum (D:8)
  25 yaks
  A hungry ghost (D:7)
  Menkaure (D:7)
  2 water moccasins (Lair:1)
  A porcupine (Lair:1)
  2 orc warriors
  17 ice beasts
  A necrophage (D:9)
  2 phantoms
  4 ogres
  A crocodile (Lair:1)
  A centaur (D:9)
  4 wolves
  7 bullfrogs
  A water moccasin zombie (D:9)
  6 scorpions
  5 killer bees
  14 wights
  An electric eel (D:10)
  3 crimson imps
  2 centaur zombies
  A quasit (D:9)
  A bullfrog zombie (D:7)
  4 hounds
  3 orc priests
  2 jellies (D:10)
  3 centaur skeletons
  3 iguanas
  8 orc wizards
  7 worker ants
  2 hound skeletons
  A worker ant zombie (D:7)
  14 adders
  7 gnolls
  12 white imps (Lair:1)
  A worm (D:3)
  A dart slug (D:2)
  2 leopard geckos
  22 orcs
  4 giant cockroaches
  7 goblins
  3 hobgoblins
  7 jackals
  2 kobolds
  2 quokkas
  8 bats
  2 frilled lizards (D:3)
  A leopard gecko skeleton (D:6)
  A quokka skeleton (D:6)
  5 rats
251 creatures vanquished.

Vanquished Creatures (others)
  A fungus (Lair:1)
1 creature vanquished.

Grand Total: 252 creatures vanquished

Notes
Turn   | Place    | Note
-------+----------+-------------------------------------------
     0 | D:1      | Gergoth the Gargoyle Fighter began the quest for the Orb.
     0 | D:1      | Reached XP level 1. HP: 14/14 MP: 1/1
   393 | D:1      | Reached XP level 2. HP: 18/19 MP: 2/2
   820 | D:2      | Reached XP level 3. HP: 24/24 MP: 3/3
   948 | D:2      | Reached skill level 3 in Maces & Flails
  1103 | D:2      | Reached XP level 4. HP: 30/30 MP: 4/4
  1509 | D:3      | Reached XP level 5. HP: 28/34 MP: 5/5
  1539 | D:3      | Reached skill level 5 in Fighting
  1594 | D:3      | Reached skill level 4 in Maces & Flails
  1786 | D:3      | Reached XP level 6. HP: 26/40 MP: 6/6
  2097 | D:4      | You fall through a shaft!
  2097 | D:5      | Entered Level 5 of the Dungeon
  2339 | D:5      | Reached skill level 5 in Maces & Flails
  2354 | D:5      | Noticed an ice beast
  2363 | D:5      | Killed an ice beast
  2363 | D:5      | Reached XP level 7. HP: 46/46 MP: 7/7
  2716 | D:5      | Found a white marble altar of Elyvilon.
  3477 | D:6      | Reached skill level 5 in Shields
  3477 | D:6      | Reached XP level 8. HP: 41/53 MP: 8/8
  3490 | D:6      | Found a staircase to the Ecumenical Temple.
  3497 | Temple   | Entered the Ecumenical Temple
  3777 | D:6      | Found a large runed door.
  3777 | D:6      | Found a large runed door.
  3782 | D:6      | Noticed Lilu's ghost (novice OpAs)
  3876 | D:6      | Reached skill level 6 in Maces & Flails
  4270 | D:7      | Noticed Menkaure
  4276 | D:7      | Killed Menkaure
  4411 | D:7      | Found a shattered altar of Ashenzari.
  4575 | D:7      | Learned a level 4 spell: Fulminant Prism
  4623 | D:7      | Found a sacrificial altar of Ru.
  4798 | D:8      | Reached skill level 7 in Maces & Flails
  4915 | D:8      | Noticed a two-headed ogre
  4935 | D:8      | Killed a two-headed ogre
  4935 | D:8      | Reached XP level 9. HP: 44/60 MP: 9/9
  5096 | D:7      | Reached skill level 8 in Maces & Flails
  5928 | D:8      | Got an obsidian-encrusted leather armour
  5935 | D:8      | Noticed Grum
  5953 | D:7      | Reached XP level 10. HP: 54/68 MP: 10/10
  6038 | D:8      | Killed Grum
  6038 | D:8      | Reached skill level 10 in Fighting
  6038 | D:8      | Reached skill level 9 in Maces & Flails
  6076 | D:8      | Identified the +1 leather armour of the Black Moon {-Cast rN+ MR+ Dex+3} (You took it off a wight on level 8 of the Dungeon)
  6478 | D:9      | Noticed a two-headed ogre
  6484 | D:9      | Killed a two-headed ogre
  6484 | D:9      | Reached skill level 10 in Maces & Flails
  6491 | D:9      | Got a pair of scorched gloves
  6522 | D:9      | Identified the +1 pair of gloves "Pappocs" {rN+} (You found it on level 9 of the Dungeon)
  6762 | D:9      | Found a stormy altar of Qazlal.
  6871 | D:9      | Reached skill level 11 in Maces & Flails
  7197 | D:10     | Entered Level 10 of the Dungeon
  7208 | D:10     | Noticed a two-headed ogre
  7447 | D:10     | Reached skill level 12 in Maces & Flails
  7481 | D:10     | Reached XP level 11. HP: 72/72 MP: 11/11
  7742 | D:10     | Reached skill level 13 in Maces & Flails
  7912 | D:10     | Killed a two-headed ogre
  8311 | D:10     | Found a staircase to the Lair.
  8469 | D:11     | Noticed a fire dragon
  8549 | Lair:1   | Entered Level 1 of the Lair of Beasts
  8642 | Lair:1   | Reached skill level 14 in Maces & Flails
  8652 | Lair:1   | Noticed Harold
  9042 | Lair:1   | Reached skill level 5 in Armour
  9087 | Lair:1   | HP: 3/72 [white imp/puff of frost (9)]
  9098 | Lair:1   | Found a frozen archway.
  9150 | IceCv    | Entered an ice cave
  9198 | IceCv    | Reached XP level 12. HP: 11/77 MP: 12/12
 10190 | IceCv    | Noticed an ice dragon
 10190 | IceCv    | Noticed an ice dragon
 10209 | IceCv    | Killed from afar by an ice dragon

Skill      XL: |  1  2  3  4  5  6  7  8  9 10 11 12 |
---------------+-------------------------------------+-----
Fighting       | 4 5 6 7 8 9 10 | 10.1
Maces & Flails | 3 4 5 7 8 12 14 | 14.0
Shields        | 4 5 7 8 9 |  9.8
Armour         | 5 6 |  6.7

Action                   |  1- 3 |  4- 6 |  7- 9 | 10-12 || total
-------------------------+-------+-------+-------+-------++-------
Melee: Flail             |   119 |   185 |   471 |   774 ||  1549
Evoke: Wand              |       |       |    10 |    21 ||    31
       Lightning rod     |       |       |       |     8 ||     8
  Use: Scroll            |     1 |       |    10 |    14 ||    25
       Potion            |       |       |       |     5 ||     5
 Stab: Paralysed         |       |       |    17 |     4 ||    21
  Eat: Chunk             |     1 |     4 |    18 |     8 ||    31
       Ration            |       |       |     1 |     2 ||     3
Armor: Scale mail        |    58 |   110 |   271 |     7 ||   446
       Leather armour    |       |       |       |   285 ||   285
Dodge: Dodged            |    37 |    63 |   141 |   158 ||   399
Block: Shield            |    64 |   112 |   261 |   342 ||   779
